 Dungeon Crawl Stone Soup version 0.28-a0-1033-g1a2f33fa85 (webtiles) character file.

Game seed: 16433856624885922521

192363 willcat the End of an Era (level 18, -2/144 (149) HPs)
             Began as a Demonspawn Monk on Dec 7, 2021.
             Was the Champion of Qazlal.
             Slain by a tentacled starspawn (14 damage)
             ... on level 2 of the Abyss.
             The game lasted 01:01:22 (30609 turns).

willcat the End of an Era (Demonspawn Monk)        Turns: 30609, Time: 01:01:22

HP:   -2/144 (149)  AC: 24    Str: 21    XL:     18   Next: 3%
MP:   33/33         EV: 26    Int: 27    God:    Qazlal [******]
Gold: 1666          SH:  0    Dex: 25    Spells: 27/39 levels left

rFire   + . .      SeeInvis +   s - +10 long sword of the Messenger {drain, Fragile rPois Str-4 Dex+6}
rCold   . . .      Faith    +   C - +1 kite shield {AC+3}
rNeg    . . .      Spirit   .   M - +5 steam dragon scales
rPois   +          Reflect  .   Y - +2 helmet
rElec   .          Harm     .   o - +0 cloak
rCorr   .          Rampage  +   (gloves unavailable)
Will    +....                   S - +2 pair of boots {Stlth+}
Stlth   +.........              i - amulet "Umereic" {Faith Rampage *Corrode Regen+ Int+5}
HPRegen 1.14/turn               J - ring of the Gloaming {*Corrode rPois Str+6 Int+6 SInv}
MPRegen 0.23/turn               O - ring of Keaqor {rF+ EV+4 Dex+3 Stlth-}

@: confused, about to teleport, glowing, studying 3 skills, lightly drained,
repel missiles
A: demonic guardian 2, powered by pain 1, robust 1, big brain 2, demonic touch 3
a: Renounce Religion, Upheaval, Elemental Force, Disaster Area


You were on level 2 of the Abyss.
You worshipped Qazlal.
Qazlal was exalted by your worship.
You visited 5 branches of the dungeon, and saw 27 of its levels.
You visited the Abyss 1 time.
You also visited: Ossuary, Gauntlet and Volcano.

You collected 4158 gold pieces.
You spent 2492 gold pieces at shops.

Inventory:

Hand Weapons
 j - a +2 eveningstar of venom
 s - the +10 long sword of the Messenger (weapon) {drain, Fragile rPois Str-4 Dex+6}
   (You found it on level 4 of the Dungeon)

   A truly terrible weapon, it drains the life of any living foe it strikes.
   Str:       It affects your strength (-4).
   Dex:       It affects your dexterity (+6).
   rPois:     It protects you from poison.
   Fragile:   It will be destroyed if unequipped.
Missiles
 e - 7 javelins (quivered)
 w - 2 throwing nets
Armour
 c - a +2 pair of gloves
 o - a +0 cloak (worn)
 C - a +1 kite shield of protection (worn)
 M - +5 steam dragon scales (worn)
 S - a +2 pair of boots of stealth (worn)
 W - the +8 chain mail of the Hidden Vale {rPois rF++ rN+++ Int-2}
   (You found it on level 15 of the Dungeon)

   Int:       It affects your intelligence (-2).
   rF:        It greatly protects you from fire.
   rPois:     It protects you from poison.
   rN:        It renders you almost immune to negative energy.
 Y - a +2 helmet (worn)
 Z - the +6 plate armour of the Mantidfly {rC++ Int+7}
   (You found it on level 1 of the Orcish Mines)

   Int:       It affects your intelligence (+7).
   rC:        It greatly protects you from cold.
Jewellery
 a - a ring of resist corrosion
 i - the amulet "Umereic" (around neck) {Faith Rampage *Corrode Regen+ Int+5}
   (You bought it in a shop on level 2 of the Orcish Mines)

   [amulet of faith]

   It allows you to gain divine favour quickly.
   Int:       It affects your intelligence (+5).
   Regen:     It increases your rate of health regeneration.
   *Corrode:  It may corrode you when you take damage.
   Rampage:   It bestows one free step when moving towards enemies.
 l - a ring of flight
 p - the ring "Ucua" {rF+ rCorr Dex+3}
   (You found it in a Gauntlet)

   [ring of resist corrosion]

   Dex:       It affects your dexterity (+3).
   rF:        It protects you from fire.
   rCorr:     It protects you from acid and corrosion.
 I - a ring of ice
 J - the ring of the Gloaming (left hand) {*Corrode rPois Str+6 Int+6 SInv}
   (You found it on level 1 of the Elven Halls)

   [ring of intelligence]

   Str:       It affects your strength (+6).
   Int:       It affects your intelligence (+6).
   rPois:     It protects you from poison.
   SInv:      It lets you see invisible.
   *Corrode:  It may corrode you when you take damage.
 O - the ring of Keaqor (right hand) {rF+ EV+4 Dex+3 Stlth-}
   (You bought it in a shop on level 2 of the Orcish Mines)

   [ring of evasion]

   EV:        It affects your evasion (+4).
   Dex:       It affects your dexterity (+3).
   rF:        It protects you from fire.
   Stlth:     It makes you less stealthy.
Wands
 t - a wand of acid (15)
 y - a wand of paralysis (14)
 H - a wand of iceblast (49)
 V - a wand of digging (5)
Scrolls
 d - 5 scrolls of vulnerability
 f - 14 scrolls of teleportation
 g - 3 scrolls of amnesia
 k - 4 scrolls of blinking
 q - 2 scrolls of acquirement
 r - 8 scrolls of fear
 v - 3 scrolls of magic mapping
 x - 2 scrolls of torment
 B - 8 scrolls of immolation
 E - 7 scrolls of identify
 F - 3 scrolls of fog
 K - 2 scrolls of enchant armour
 N - a scroll of summoning
Potions
 b - 3 potions of berserk rage
 h - 4 potions of lignification
 m - 7 potions of mutation
 n - 2 potions of might
 u - 3 potions of heal wounds
 z - 7 potions of brilliance
 D - 9 potions of flight
 G - 8 potions of curing
 P - 2 potions of haste
 R - 2 potions of magic
 T - 4 potions of ambrosia
Miscellaneous
 Q - a phantom mirror
 U - a box of beasts


   Skills:
 - Level 10.6 Fighting
 + Level 12.1 Long Blades
 + Level 13.7 Armour
 + Level 12.1 Dodging
 - Level 1.7 Stealth
 + Level 9.3 Shields
 - Level 4.9 Unarmed Combat
 + Level 11.1 Spellcasting
 - Level 5.8 Conjurations
 + Level 9.5 Hexes
 - Level 5.1 Fire Magic
 + Level 22.1 Invocations


You had 27 spell levels left.
You knew the following spells:

 Your Spells              Type           Power      Damage    Failure   Level
a - Flame Wave            Conj/Fire      44%        2d8       9%          4
b - Discord               Hex            30%        N/A       100%        8

Your spell library contained the following spells:

 Spells                   Type           Power      Damage    Failure   Level
 Foxfire                  Conj/Fire      100%       2x1d9     1%          1
 Magic Dart               Conj           100%       1d8       1%          1
 Slow                     Hex            100%       N/A       1%          1
 Scorch                   Fire           84%        2d9       1%          2
 Searing Ray              Conj           92%        2d7       1%          2
 Confusing Touch          Hex            61%        N/A       1%          3
 Dazzling Flash           Conj/Hex       100%       N/A       1%          3
 Inner Flame              Hex/Fire       53%        N/A       1%          3
 Tukima's Dance           Hex            61%        N/A       1%          3
 Conjure Flame            Conj/Fire      44%        6-21      2%          3
 Fulminant Prism          Conj/Hex       27%        3d14      3%          4
 Beastly Appendage        Tmut           30%        N/A       8%          1
 Pain                     Necr           60%        1d7       8%          1
 Mephitic Cloud           Conj/Pois/Air  25%        N/A       11%         3
 Leda's Liquefaction      Hex/Erth       20%        N/A       11%         4
 Call Imp                 Summ           15%        N/A       12%         2
 Iskenderun's Battlesphe  Conj           46%        2d10      21%         5
 Frozen Ramparts          Ice            30%        1d5       24%         3
 Iskenderun's Mystic Bla  Conj/Tloc      30%        2d8       24%         4
 Silence                  Hex/Air        20%        N/A       30%         5
 Yara's Violent Unravell  Hex/Tmut       20%        3d9       30%         5
 Ice Form                 Ice/Tmut       15%        N/A       61%         4
 Petrify                  Tmut/Erth      15%        N/A       61%         4
 Summon Ice Beast         Ice/Summ       15%        N/A       61%         4
 Agony                    Necr           15%        N/A       91%         5
 Alistair's Intoxication  Tmut/Pois      10%        N/A       91%         5
 Borgnjor's Vile Clutch   Necr/Erth      7%         N/A       91%         5
 Excruciating Wounds      Necr           7%         N/A       91%         5
 Lee's Rapid Deconstruct  Erth           7%         3d8*      91%         5
 Conjure Ball Lightning   Conj/Air       15%        3x3d6     98%         6
 Iron Shot                Conj/Erth      15%        9d4       98%         6
 Eringya's Noxious Bog    Tmut/Pois      7%         N/A       100%        6
 Statue Form              Tmut/Erth      10%        N/A       100%        6
 Summon Cactus Giant      Summ           7%         N/A       100%        6
 Spellforged Servitor     Conj/Summ      15%        N/A       100%        7
 Storm Form               Tmut/Air       7%         N/A       100%        7
 Disjunction              Tloc           7%         N/A       100%        8


Dungeon Overview and Level Annotations

Branches:
Dungeon (15/15)            Temple (1/1) D:4            Lair (6/6) D:9
  Swamp (0/4) Lair:3       Spider (0/4) Lair:4        Slime (0/5) Lair:6
    Orc (2/2) D:11            Elf (3/3) Orc:2        Vaults (0/5) D:13
 Depths (0/4) D:15        Ossuary (visited)         Volcano (visited)
Gauntlet (visited)

Altars:
Ashenzari
Cheibriados
Dithmenos
Elyvilon
Fedhas
Gozag
Hepliaklqana
Kikubaaqudgha
Makhleb
Nemelex Xobeh
Okawaru
Qazlal
Ru
Sif Muna
Trog
Uskayaw
Vehumet
Wu Jian
Xom
Yredelemnul
Zin
The Shining One
Beogh
Jiyva

Shops:
Orc:1 [   Orc:2 [([=   Elf:2 :*==

Annotations:
Elf:2 3 runed translucent doors


Innate Abilities, Weirdness & Mutations

A demonic guardian rushes to your aid.
You sometimes gain a little power by taking damage.
You are robust. (+10% HP)
You have an extremely huge brain. (Int +4)
Your touch may irresistibly damage your foes and sap their willpower.


Message History

You slash the tentacled starspawn!
The tentacled starspawn is heavily damaged.
The smoke demon gestures at you. Something smites you!
The tentacled starspawn completely misses you.
The tentacled starspawn tentacle-slaps you!
Unknown command.
You slice the tentacled starspawn!!
The tentacled starspawn is severely damaged.
The starspawn tentacle completely misses you.
You block the tentacled starspawn's attack.
The tentacled starspawn misses you.
Unknown command.
You hit the tentacled starspawn.
The tentacled starspawn is severely damaged.
The starspawn tentacle misses you.
The tentacled starspawn completely misses you. x2
The daeva calls down the wrath of the Shining One upon you.
The Shining One smites you!
* * * LOW HITPOINT WARNING * * *
A demonic guardian appears!
A glowing orange brain comes into view.
You hit the tentacled starspawn.
The tentacled starspawn is severely damaged.
You block the starspawn tentacle's attack.
You block the tentacled starspawn's attack.
The tentacled starspawn barely misses you.
Unknown command.
You slash the tentacled starspawn!
The tentacled starspawn is almost destroyed.
The glowing orange brain pulsates.
You are confused.
Your smoke demon resists with almost no effort.
Your smoke demon hits the starspawn tentacle but does no damage. x2
Your smoke demon barely misses the starspawn tentacle.
The starspawn tentacle barely misses you.
The tentacled starspawn bites you!!
* * * LOW HITPOINT WARNING * * *
The tentacled starspawn tentacle-slaps you!
You die...

#. ## . ##..#
## #..##..# #
# #.###.# .#
#. ...# ###.#
.. ..# #... #
#. #..##w## #
#...###..3X##
...###
....A3w@#
#.##
#.....#G####
## #..##..#.#
####3 #.. .#
.## .#


You could see a daeva, a tentacled starspawn, a glowing orange brain, a smoke
demon, 2 starspawn tentacles and a friendly smoke demon (summoned).

Vanquished Creatures
  A lich (Abyss:2)
  2 deep elf blademasters (Elf:3)
  A deep elf master archer (Elf:3)
  An Executioner (Abyss:2)
  Agnes (Elf:1)
  Roxanne (Elf:3)
  A revenant (Abyss:2)
  7 deep elf sorcerers
  An orc warlord (Orc:2)
  3 deep elf elementalists
  A quicksilver ooze (Lair:6)
  A stone giant (Orc:1)
  12 deep elf annihilators
  6 deep elf demonologists
  A dire elephant (Lair:6)
  5 deep elf death magi
  2 fire dragons
  4 deep elf high priests
  A vault guard (D:13)
  11 hydras
  Erolcha (D:11)
  4 catoblepae
  4 boulder beetles
  5 centaur warriors
  2 death knights
  7 dancing weapons
  8 two-headed ogres
  5 tengu warriors
  26 death yaks
  A thrashing horror (Abyss:2)
  6 deep elf knights
  A wretched star (Abyss:2)
  3 skeletal warriors
  A deep troll (D:13)
  A swamp dragon (shapeshifter) (Elf:2)
  2 wizards (D:15)
  The ghost of ytrimaz the Insei, a novice OpTm of Yredelemnul (D:7)
  2 glowing orange brains
  5 deep elf archers
  A phantasmal warrior (D:13)
  4 lindwurms
  A necromancer (D:15)
  11 deep elf zephyrmancers
  18 deep elf pyromancers
  3 orc knights
  An oklob plant (Lair:4)
  22 ugly things
  3 orc sorcerers
  6 cyclopes
  22 elephants
  6 manticores
  3 moths of wrath
  7 black mambas
  A gargoyle (D:12)
  2 smoke demons
  2 naga magi (D:15)
  9 torpor snails
  17 cane toads
  2 molten gargoyles (Volcano)
  2 kobold demonologists
  7 komodo dragons
  3 rime drakes
  A hellion (Gauntlet)
  2 efreet (D:15)
  A tengu conjurer (D:10)
  A red devil (Volcano)
  8 trolls
  3 tyrant leeches (Lair:6)
  A silent spectre (Orc:1)
  3 polar bears
  A queen bee (Lair:2)
  A wolf spider simulacrum (D:13)
  A harpy skeleton (D:15)
  7 hornets
  7 slime creatures
  8 blink frogs
  2 raiju (Abyss:2)
  6 dream sheep
  A spriggan (shapeshifter) (Elf:2)
  2 centaur simulacra
  3 water elementals
  Sigmund (D:6)
  A shadow (D:10)
  4 large abominations (Abyss:2)
  5 wraiths
  A yak (shapeshifter) (D:13)
  69 yaks
  5 wyverns
  7 fire bats (Volcano)
  3 fire elementals
  7 basilisks
  A steam dragon (D:8)
  8 vampire mosquitoes (D:12)
  4 swamp worms (Lair:3)
  An acid dragon (D:10)
  21 water moccasins
  2 wargs (Orc:1)
  Duvessa (D:4)
  2 hell hounds (Volcano)
  24 orc warriors
  2 sky beasts
  A hornet zombie (D:8)
  2 ice beasts
  3 black bears
  5 starcursed masses (Abyss:2)
  7 ogres
  A boggart (D:10)
  3 necrophages (D:5)
  22 wolves
  12 centaurs
  2 phantoms (D:6)
  15 bullfrogs
  An elf zombie (Ossuary)
  3 kobold brigands
  2 gnoll sergeants
  5 earth elementals
  6 scorpions
  2 wyvern zombies (D:5)
  A wyvern skeleton (D:6)
  A troll zombie (Ossuary)
  3 small abominations (Abyss:2)
  Dowan (D:4)
  2 water moccasin skeletons
  33 killer bees
  9 wights (D:8)
  8 howler monkeys
  An electric eel (Lair:3)
  6 jellies
  5 lava snakes (Volcano)
  A hound (D:5)
  9 centaur zombies
  A gnoll shaman (D:5)
  19 orc priests
  A bullfrog skeleton (D:5)
  A centaur skeleton (D:5)
  5 iguanas
  25 orc wizards
  An ogre zombie (Ossuary)
  A hound skeleton (D:4)
  7 mummies (Ossuary)
  A howler monkey skeleton (D:5)
  13 gnolls
  8 adders
  2 river rats (Lair:2)
  A shadow imp (D:5)
  2 white imps
  5 adder zombies (Ossuary)
  An adder skeleton (D:5)
  2 worms (D:2)
  4 dart slugs
  96 orcs
  7 endoplasms
  4 giant cockroaches
  4 goblins
  8 hobgoblins
  7 quokkas
  4 ball pythons
  10 bats
  4 frilled lizards
  4 hobgoblin zombies (Ossuary)
  18 kobolds
  4 kobold zombies (Ossuary)
  2 orc zombies (Ossuary)
  4 quokka zombies (Ossuary)
  5 rats
  5 rat zombies (Ossuary)
987 creatures vanquished.

Vanquished Creatures (collateral kills)
  Jorgrun (D:13)
  A minotaur (Gauntlet)
  A hydra (D:12)
  2 death yaks
  A phantasmal warrior (D:14)
  A deep elf pyromancer (Orc:1)
  4 elephants
  A cane toad (Lair:4)
  A gargoyle (D:12)
  A freezing wraith (D:10)
  An ancient zyme (Abyss:2)
  A troll (Orc:1)
  A hornet (Lair:6)
  3 yaks (Lair:4)
  A ynoxinul (Abyss:2)
  A small abomination (Abyss:2)
  3 large abominations (Abyss:2)
  A vampire mosquito (D:12)
  A starcursed mass (Abyss:2)
  An orc priest (Orc:1)
  An orc wizard (Orc:1)
  A howler monkey zombie (D:10)
30 creatures vanquished.

Vanquished Creatures (others)
  A deep elf pyromancer (Elf:1)
  A bush (Lair:6)
  30 fungi
  44 plants
  7 starspawn tentacles (Abyss:2)
83 creatures vanquished.

Grand Total: 1100 creatures vanquished

Notes
Turn   | Place    | Note
-------+----------+-------------------------------------------
     0 | D:1      | willcat the Demonspawn Monk began the quest for the Orb.
     0 | D:1      | Reached XP level 1. HP: 18/18 MP: 1/1
   497 | D:1      | Gained mutation: Your touch may inflict minor irresistible
                  | damage on your foes. [demonic ancestry]
   497 | D:1      | Reached XP level 2. HP: 23/24 MP: 2/2
   594 | D:1      | Noticed an eye of devastation
   642 | D:1      | Found a faded altar of an unknown god.
   645 | D:1      | Noticed a golden eye
   645 | D:1      | Noticed a great orb of eyes
   645 | D:1      | Noticed a shining eye
   914 | D:1      | Gained mutation: You have an unusually large brain. (Int
                  | +2) [demonic ancestry]
   914 | D:1      | Reached XP level 3. HP: 28/29 MP: 3/3
  1664 | D:2      | Gained mutation: Your touch may inflict irresistible damage
                  | on your foes. [demonic ancestry]
  1664 | D:2      | Reached XP level 4. HP: 34/37 MP: 4/4
  2216 | D:3      | Reached skill level 1 in Armour
  2216 | D:3      | Reached skill level 1 in Spellcasting
  2216 | D:3      | Reached XP level 5. HP: 31/43 MP: 3/6
  2924 | D:4      | Reached XP level 6. HP: 39/49 MP: 5/8
  3154 | D:4      | Identified the +10 long sword of the Messenger {drain,
                  | Fragile rPois Str-4 Dex+6}
  3255 | D:4      | Found a staircase to the Ecumenical Temple.
  3268 | Temple   | Entered the Ecumenical Temple
  3418 | Temple   | Became a worshipper of Qazlal Stormbringer
  3418 | Temple   | Reached * piety under Qazlal
  3418 | Temple   | Reached ** piety under Qazlal
  3467 | D:4      | Noticed Dowan
  3467 | D:4      | Noticed Duvessa
  3482 | D:4      | Killed Duvessa
  3483 | D:4      | Reached skill level 5 in Fighting
  3483 | D:4      | Reached skill level 1 in Invocations
  3683 | D:4      | Found an iron altar of Okawaru.
  3751 | D:4      | Killed Dowan
  3752 | D:4      | Reached XP level 7. HP: 49/56 MP: 8/10
  3900 | D:4      | Reached skill level 1 in Long Blades
  3910 | D:4      | Found a hide-covered altar of Uskayaw.
  4023 | D:5      | Entered Level 5 of the Dungeon
  4035 | D:5      | Found a basalt altar of Yredelemnul.
  4160 | D:5      | Reached skill level 2 in Invocations
  4395 | D:5      | Reached skill level 3 in Invocations
  4563 | D:5      | Reached XP level 8. HP: 63/63 MP: 12/12
  4585 | D:5      | Reached skill level 4 in Invocations
  4690 | D:5      | Reached *** piety under Qazlal
  4909 | D:5      | Reached skill level 5 in Invocations
  5037 | D:5      | Gained mutation: A weak demonic guardian rushes to your
                  | aid. [demonic ancestry]
  5037 | D:5      | Reached XP level 9. HP: 71/71 MP: 13/13
  5581 | D:6      | Found a shimmering blue altar of Sif Muna.
  5606 | D:6      | Noticed Sigmund
  5610 | D:6      | Killed Sigmund
  5611 | D:6      | Reached skill level 6 in Invocations
  5642 | D:6      | Reached skill level 1 in Shields
  5678 | D:6      | Reached **** piety under Qazlal
  5947 | D:6      | Found a hazy altar of Hepliaklqana.
  5948 | D:6      | Found a shimmering altar of Xom.
  5949 | D:6      | Noticed a spectral ugly thing
  6019 | D:6      | Found a shadowy altar of Dithmenos.
  6137 | D:7      | Found a sand-covered staircase.
  6146 | D:7      | Reached skill level 5 in Armour
  6183 | Ossuary  | Entered an ossuary
  6527 | Ossuary  | Reached skill level 5 in Dodging
  6585 | Ossuary  | Identified a scroll of acquirement
  6587 | Ossuary  | Acquired a manual of Invocations
  6755 | D:7      | Found a sacrificial altar of Ru.
  6924 | D:7      | Reached skill level 7 in Invocations
  6943 | D:7      | Noticed ytrimaz's ghost (novice OpTm)
  6956 | D:7      | Found a transporter.
  6960 | D:7      | Noticed a moth of wrath
  6965 | D:7      | Killed a moth of wrath
  6966 | D:7      | Reached XP level 10. HP: 79/79 MP: 10/15
  6972 | D:7      | Found a transporter.
  6981 | D:7      | Killed ytrimaz's ghost
  6982 | D:7      | Reached skill level 5 in Long Blades
  6984 | D:7      | Reached skill level 8 in Invocations
  7658 | D:8      | Reached ***** piety under Qazlal
  7927 | D:8      | Identified the amulet "Kedutoan" {rPois rN+ Regen+ Dex-5}
  7998 | D:8      | Reached skill level 9 in Invocations
  8215 | D:8      | Found a blossoming altar of Fedhas.
  8793 | D:9      | Identified the +0 leather armour "Oharr" {-Cast rElec
                  | Regen+}
  8804 | D:9      | Noticed a two-headed ogre
  9059 | D:9      | Identified the +6 chain mail "Fisott" {SInv}
  9062 | D:9      | Killed a two-headed ogre
  9168 | D:9      | Found an opulent altar of Gozag.
  9169 | D:9      | Found a sparkling altar of Nemelex Xobeh.
  9216 | D:9      | Found a staircase to the Lair.
  9661 | Lair:1   | Entered Level 1 of the Lair of Beasts
  9695 | Lair:1   | Noticed a black mamba
  9701 | Lair:1   | Killed a black mamba
  9717 | Lair:1   | Noticed an eight-headed hydra
  9718 | Lair:1   | Gained mutation: You have an extremely huge brain. (Int +4)
                  | [demonic ancestry]
  9718 | Lair:1   | Reached XP level 11. HP: 84/86 MP: 16/18
  9746 | Lair:1   | Killed an eight-headed hydra
  9747 | Lair:1   | Reached skill level 10 in Invocations
 10062 | Lair:1   | Noticed an eight-headed hydra
 10073 | Lair:1   | Killed a nine-headed hydra
 10213 | Lair:1   | Reached skill level 11 in Invocations
 10479 | Lair:1   | Learned a level 4 spell: Flame Wave
 10924 | Lair:2   | Reached skill level 1 in Conjurations
 10926 | Lair:2   | Reached skill level 1 in Fire Magic
 11051 | Lair:2   | Reached skill level 12 in Invocations
 11051 | Lair:2   | Reached XP level 12. HP: 94/95 MP: 19/21
 11220 | Lair:2   | Reached skill level 5 in Spellcasting
 12037 | Lair:3   | Acquired a manual of Invocations
 12115 | Lair:3   | Reached ****** piety under Qazlal
 12138 | Lair:3   | Reached skill level 13 in Invocations
 12140 | Lair:3   | Found a dark tunnel.
 12149 | Volcano  | Entered a volcano
 12277 | Volcano  | Found a radiant altar of Vehumet.
 12407 | Lair:3   | Found a gate leading to a gauntlet.
 12414 | Gauntlet | Entered a Gauntlet
 12414 | Gauntlet | Found a large runed translucent door.
 12414 | Gauntlet | Found a large runed translucent door.
 12414 | Gauntlet | Found a large runed translucent door.
 12414 | Gauntlet | Found a large runed translucent door.
 12414 | Gauntlet | Found a large runed translucent door.
 12414 | Gauntlet | Found a large runed translucent door.
 12414 | Gauntlet | Found a large runed translucent door.
 12414 | Gauntlet | Found a large runed translucent door.
 12414 | Gauntlet | Found a runed translucent door.
 12414 | Gauntlet | Found a runed translucent gate.
 12414 | Gauntlet | Found a transporter.
 12414 | Gauntlet | Found a transporter.
 12414 | Gauntlet | Found a runed translucent gate.
 12414 | Gauntlet | Found a transporter.
 12416 | Gauntlet | Found a runed translucent door.
 12416 | Gauntlet | Found a runed translucent gate.
 12417 | Gauntlet | Found a large runed translucent door.
 12417 | Gauntlet | Found a large runed translucent door.
 12417 | Gauntlet | Found a large runed translucent door.
 12417 | Gauntlet | Found a large runed translucent door.
 12418 | Gauntlet | Found a large runed translucent door.
 12560 | Gauntlet | Found a transporter.
 12563 | Gauntlet | Found a transporter.
 12563 | Gauntlet | Found a transporter.
 12570 | Gauntlet | Found a large runed translucent door.
 12571 | Gauntlet | Found a large runed translucent door.
 12624 | Gauntlet | Found a transporter.
 12628 | Gauntlet | Found a transporter.
 12641 | Gauntlet | Found a transporter.
 12662 | Gauntlet | Found a transporter.
 12663 | Gauntlet | Noticed a ghost crab
 12677 | Gauntlet | Found a transporter.
 12681 | Gauntlet | Found a transporter.
 12715 | Gauntlet | Found a large runed translucent door.
 13010 | Gauntlet | Identified the ring "Ucua" {rF+ rCorr Dex+3}
 13037 | Gauntlet | Reached XP level 13. HP: 103/103 MP: 14/23
 13082 | Gauntlet | Noticed a minotaur
 13096 | Gauntlet | Killed a minotaur
 13393 | Lair:3   | Reached skill level 10 in Fighting
 13393 | Lair:3   | Reached skill level 14 in Invocations
 13653 | Lair:3   | Found a staircase to the Swamp.
 14398 | Lair:4   | Reached skill level 5 in Conjurations
 14738 | Lair:4   | Reached skill level 15 in Invocations
 14885 | Lair:4   | Identified the +2 robe "Diagouqeka" {+Blink rN+}
 15018 | Lair:4   | Found a hole to the Spider Nest.
 15210 | Lair:5   | Reached skill level 5 in Fire Magic
 15398 | Lair:5   | Reached XP level 14. HP: 86/111 MP: 20/25
 15407 | Lair:5   | Learned a level 8 spell: Discord
 15649 | Lair:5   | Reached skill level 1 in Hexes
 15683 | Lair:5   | Identified the +5 leather armour of Bright the Good
                  | {*Corrode rPois rC+ Int+4}
 15789 | Lair:5   | Reached skill level 16 in Invocations
 17045 | Lair:6   | Entered Level 6 of the Lair of Beasts
 17247 | Lair:5   | Reached skill level 17 in Invocations
 17727 | Lair:6   | Found a viscous altar of Jiyva.
 17728 | Lair:6   | Found a staircase to the Slime Pits.
 17834 | Lair:6   | Gained mutation: A demonic guardian rushes to your aid.
                  | [demonic ancestry]
 17834 | Lair:6   | Reached XP level 15. HP: 45/117 MP: 14/27
 18594 | Lair:6   | Reached skill level 10 in Armour
 18639 | Lair:6   | Reached skill level 5 in Hexes
 19035 | Lair:6   | Reached skill level 10 in Dodging
 19282 | Lair:6   | Found a runed translucent door.
 19305 | Lair:6   | Paralysed by a hornet for 1 turns
 19321 | Lair:6   | Reached skill level 18 in Invocations
 20007 | D:10     | Entered Level 10 of the Dungeon
 20149 | D:10     | Found a burning altar of Makhleb.
 20157 | D:10     | Reached skill level 10 in Long Blades
 21034 | D:11     | Noticed Erolcha
 21051 | D:11     | Killed Erolcha
 21111 | D:11     | Got the Collected Works on Entrancing Transformation
 21121 | D:11     | Identified the +0 ring mail of Qouph {rElec rF+ MP+9 Int-3}
 21273 | D:11     | Found a staircase to the Orcish Mines.
 21611 | Orc:1    | Entered Level 1 of the Orcish Mines
 21675 | Orc:1    | Found Heunaf's Antique Armour Shoppe.
 21685 | Orc:1    | Bought a shiny helmet for 217 gold pieces
 21973 | Orc:2    | Entered Level 2 of the Orcish Mines
 22584 | Orc:1    | Found a transporter.
 22596 | Orc:1    | Found a transporter.
 22596 | Orc:1    | Found a runed translucent door.
 22596 | Orc:1    | Found a bloodstained altar of Trog.
 22596 | Orc:1    | Found the +8 Wrath of Trog {antimagic, *Rage Rampage}
 22656 | Orc:1    | Reached skill level 19 in Invocations
 22671 | Orc:1    | Noticed a deep elf sorcerer
 22687 | Orc:1    | Killed a deep elf sorcerer
 22767 | Orc:1    | Identified the +6 plate armour of the Mantidfly {rC++
                  | Int+7}
 22970 | Orc:2    | Found a staircase to the Elven Halls.
 23194 | Orc:2    | Noticed an orc warlord
 23224 | Orc:2    | Killed an orc warlord
 23225 | Orc:2    | Gained mutation: You are robust. (+10% HP) [demonic
                  | ancestry]
 23225 | Orc:2    | Reached XP level 16. HP: 68/136 MP: 15/29
 23608 | Orc:2    | Found Dodwosau's Antique Armour Shoppe.
 23613 | Orc:2    | Bought a masterwork buckler for 304 gold pieces
 23613 | Orc:2    | Identified the +0 buckler of the Forest {+Inv rN+ Int-3}
                  | (You bought it in a shop on level 2 of the Orcish Mines)
 23657 | Orc:2    | Found Xuriciz's Antique Weapon Emporium.
 23662 | Orc:2    | Found Leoje's Antique Armour Shoppe.
 23667 | Orc:2    | Bought a shimmering great sword for 230 gold pieces
 23667 | Orc:2    | Identified the +4 great sword of Ockyoppe {protect, Str+4}
                  | (You bought it in a shop on level 2 of the Orcish Mines)
 23674 | Orc:2    | Bought a pair of runed gloves for 247 gold pieces
 23790 | Orc:2    | Found Boogunk's Jewellery Boutique.
 23795 | Orc:2    | Bought the ring of Keaqor {rF+ EV+4 Dex+3 Stlth-} for 768
                  | gold pieces
 23803 | Orc:2    | Bought the amulet "Umereic" {Faith Rampage *Corrode Regen+
                  | Int+5} for 726 gold pieces
 24999 | D:13     | Found a gate to the Vaults.
 25134 | D:13     | Noticed Jorgrun
 25144 | D:13     | Killed Jorgrun
 25255 | D:13     | Reached skill level 5 in Shields
 25886 | D:13     | Reached skill level 20 in Invocations
 26360 | D:14     | Reached skill level 10 in Spellcasting
 26471 | D:14     | Found a hide-covered altar of Uskayaw.
 26696 | D:15     | Entered Level 15 of the Dungeon
 27110 | D:15     | Identified the +8 chain mail of the Hidden Vale {rPois rF++
                  | rN+++ Int-2}
 27374 | D:15     | Found a staircase to the Depths.
 27820 | Elf:1    | Entered Level 1 of the Elven Halls
 27829 | Elf:1    | Noticed an Ice Fiend
 27831 | Elf:1    | Noticed Agnes
 27852 | Elf:1    | Killed Agnes
 28116 | Elf:1    | Gained mutation: You sometimes gain a little power by
                  | taking damage. [demonic ancestry]
 28116 | Elf:1    | Reached XP level 17. HP: 137/141 MP: 31/31
 28134 | Elf:1    | Identified the ring of the Gloaming {*Corrode rPois Str+6
                  | Int+6 SInv}
 28341 | Elf:1    | Reached skill level 21 in Invocations
 28369 | Elf:1    | Found a shimmering blue altar of Sif Muna.
 28660 | Elf:1    | Acquired the +4 double sword "Fozan" {drain, rPois Will+
                  | Int+4}
 29080 | Elf:2    | Found Sagastoi's Jewellery Emporium.
 29088 | Elf:2    | Found Raum's Jewellery Emporium.
 29088 | Elf:2    | Found Pim Seekk's Book Shoppe.
 29093 | Elf:2    | Found Wizxee's General Store.
 29423 | Elf:2    | Found a runed translucent gate.
 29424 | Elf:2    | Found a runed translucent gate.
 29424 | Elf:2    | Found a runed translucent gate.
 29451 | Elf:2    | Found a shimmering blue altar of Sif Muna.
 29703 | Elf:3    | Entered Level 3 of the Elven Halls
 29703 | Elf:3    | Noticed Roxanne
 29806 | Elf:3    | Killed Roxanne
 29914 | Elf:3    | Noticed a deep elf blademaster
 29935 | Elf:3    | Killed a deep elf blademaster
 30007 | Elf:3    | Noticed a deep elf blademaster
 30013 | Elf:3    | Killed a deep elf blademaster
 30030 | Elf:3    | Noticed a deep elf master archer
 30032 | Elf:3    | Killed a deep elf master archer
 30070 | Elf:3    | Cast into level 2 of the Abyss (a deep elf sorcerer)
 30140 | Abyss:2  | HP: 4/141 [Executioner (15)]
 30142 | Abyss:2  | Reached skill level 22 in Invocations
 30197 | Abyss:2  | Noticed a profane servitor
 30276 | Abyss:2  | Noticed a lich
 30295 | Abyss:2  | Killed a lich
 30495 | Abyss:2  | Gained mutation: Your touch may irresistibly damage your
                  | foes and sap their willpower. [demonic ancestry]
 30495 | Abyss:2  | Reached XP level 18. HP: 67/147 MP: 33/33
 30609 | Abyss:2  | Slain by a tentacled starspawn

Illustrated notes

Levels and vault maps discovered:
D:1:      psy_arrival_dodecagon, layout_rooms,
          hellmonk_ecumenical_altar_watching_god
D:2:      layout_basic, minmay_tromino_v4_a
D:3:      layout_loops_cross
D:4:      layout_rooms, marbit_many_paths, okawaru_trees_2, lemuel_doored_altar,
          minmay_temple_entry_slanted, uniq_duvessa
D:5:      minmay_polygon_palace, layout_cave_pools, kennysheep_little_box,
          grunt_decor_resistance
D:6:      layout_loops_cross, regret_index_temple_of_mockery,
          general_overflow_altar, nicolae_dithmenos_through_a_glass_darkly,
          uniq_sigmund
D:7:      layout_loops_corners, mainiacjoe_overflow_cross_hatched,
          gammafunk_ghost_berserking_beasts, nicolae_ossuary_entry_plus
D:8:      layout_cave_pools, fedhas_ov_isle_minmay, minmay_orc_keep
D:9:      layout_basic, grunt_temple_overflow_opulence, dpeg_oklobed_lair
D:10:     minmay_the_grid_four_pointed_star [minmay_the_grid_triangle_9x9_cache,
          minmay_the_grid_triangle_9x9_zippers_horizontal,
          minmay_the_grid_triangle_9x9_corruption,
          minmay_the_grid_triangle_9x9_longest, minmay_the_grid_prize_big_room],
          layout_irregular_city, mainiacjoe_overflow_small_starburst
D:11:     layout_cave_pools, hiddenorc1_lemuel, uniq_erolcha
D:12:     layout_long_grid
D:13:     layout_irregular_city, david_vaults_4, nicolae_twisting_strands,
          uniq_jorgrun
D:14:     layout_cave_pods, lemuel_round_altar
D:15:     grunt_enter_depths_magical_seal, layout_gridville,
          minmay_misc_feat_tower, minmay_unpleasant_kobolds
Temple:   nicolae_temple_figure_zero
Lair:1:   layout_cave_pods
Lair:2:   regret_index_wax_grids, layout_chaotic_city
Lair:3:   layout_cave_pods, nicolae_swamp_entry_splash_gauntlet,
          gauntlet_entry_generic, nicolae_volcano_entry_lava_flow, st_stairs_9
Lair:4:   layout_hall_layers, spider_nest_entry_a, beast_lair_carwin_1
Lair:5:   nzn_winding_woodlands_stair_cross [nzn_winding_woodlands_5x15_jagged,
          nzn_winding_woodlands_center_lodge, nzn_winding_woodlands_5x15_pool,
          nzn_winding_woodlands_5x5_open_star,
          nzn_winding_woodlands_5x5_perimeter,
          nzn_winding_woodlands_5x15_concentric,
          nzn_winding_woodlands_center_triple_pond,
          nzn_winding_woodlands_5x15_split_checker], layout_cave_pods
Lair:6:   hangedman_lair_in_review, layout_regular_city, wormcave,
          slime_altar_1, nicolae_lair_time_for_slime
Orc:1:    emtedronai_trogs_sanctum, layout_caves, serial_shops,
          nicolae_shop_advertising_works [nicolae_subvault_shop_adworks]
Orc:2:    grunt_orc_community_town_hall, layout_caves,
          grunt_orc_community_big_house_2, grunt_orc_community_big_house_2,
          grunt_orc_community_house_3, grunt_orc_community_house_1,
          grunt_orc_community_house_1, grunt_orc_community_house_2,
          grunt_orc_community_house_1, grunt_orc_community_house_1
Elf:1:    layout_loops_corners, basic_altar, kennysheep_underground_church,
          minmay_fountain_box, uniq_agnes
Elf:2:    elven_hall_of_blades_hangedman_original [nicolae_blade_tridents],
          layout_loops_ring, basic_altar, minmay_shoptagon
Elf:3:    minmay_elf_hall_four_x, layout_loops_ring, special_room
          [special_room_orc], uniq_roxanne
Abyss:2:  base: D:3, grunt_abyss_exit_deep_breaths, gammafunk_corrupted_shrine,
          base:
Swamp:4

Skill      XL: |  1  2  3  4  5  6  7  8  9 10 11 12 13 14 15 16 17 |
---------------+----------------------------------------------------+-----
Unarmed Combat | 3 4 |  4.9
Fighting       | 4 5 6 7 8 9 10 | 10.6
Armour         | 1 2 3 4 5 6 7 8 9 10 12 13 | 13.7
Spellcasting   | 1 2 3 4 5 6 8 9 10 11 | 11.1
Invocations    | 1 3 5 7 9 12 13 15 17 19 20 22 | 22.1
Long Blades    | 2 3 4 5 6 7 8 9 10 11 12 | 12.1
Dodging        | 4 5 6 7 8 9 10 11 12 | 12.1
Shields        | 2 4 6 9 |  9.3
Conjurations   | 2 4 5 |  5.8
Fire Magic     | 1 3 5 |  5.1
Hexes          | 4 6 8 9 |  9.5
Stealth        | |  1.7

Action                   |  1- 3 |  4- 6 |  7- 9 | 10-12 | 13-15 | 16-18 || total
-------------------------+-------+-------+-------+-------+-------+-------++-------
Melee: Unarmed           |   135 |   118 |       |       |       |       ||   253
       Touch             |    17 |    27 |    26 |       |       |       ||    70
       Punch             |     1 |     2 |     4 |       |       |       ||     7
       Long sword        |       |    23 |   280 |   558 |  1199 |  1088 ||  3148
 Cast: Flame Wave        |       |       |       |       |     9 |       ||     9
Invok: Upheaval          |       |       |     1 |     3 |     9 |    17 ||    30
       Elemental Force   |       |       |       |       |     2 |     2 ||     4
       Disaster Area     |       |       |       |       |     1 |     1 ||     2
Evoke: Wand              |       |       |       |    15 |     4 |     1 ||    20
  Use: Scroll            |       |     3 |    12 |    14 |    10 |    10 ||    49
       Potion            |       |       |       |     2 |     1 |     3 ||     6
 Stab: Sleeping          |     2 |       |       |       |       |       ||     2
       Distracted        |       |       |       |     1 |     2 |     1 ||     4
       Paralysed         |       |       |       |       |     2 |       ||     2
       Petrified         |       |       |       |       |    16 |       ||    16
       Petrifying        |       |       |       |       |     1 |       ||     1
Armor: Robe              |     4 |       |       |       |       |       ||     4
       Leather armour    |    48 |     1 |       |       |       |       ||    49
       Ring mail         |       |    12 |       |       |       |       ||    12
       Scale mail        |       |    41 |    97 |    57 |       |       ||   195
       Steam dragon scal |       |       |       |   132 |   381 |   235 ||   748
Dodge: Dodged            |   105 |    59 |   106 |   367 |   925 |   691 ||  2253
       Repelled          |       |       |       |     4 |     4 |    20 ||    28
Block: Other             |       |     5 |    19 |       |       |       ||    24
       Buckler           |       |       |    73 |   584 |  1256 |   289 ||  2202
       Reflection        |       |       |     1 |    10 |    13 |    13 ||    37
       Kite shield       |       |       |       |       |       |   738 ||   738

Table legend: (Time is in decaauts)
 A = Elapsed time spent in this place.
 B = Non-inter-level travel time spent in this place.
 C = Inter-level travel time spent in this place.
 D = Time resting spent in this place.
 E = Time spent auto-exploring this place.
 F = Levels seen in this place.
 G = Mean time per level.
                   A        B        C        D        E       F      G
               +--------+--------+--------+--------+--------+-----+--------+
         Total |  30677 |  29592 |   1085 |   3034 |  18683 |  31 |  989.6 |
       Dungeon |  14439 |  13801 |    638 |   1352 |   9603 |  15 |  962.6 |
        Temple |    159 |    150 |      9 |      0 |    113 |   1 |  159.0 |
          Lair |   9324 |   9093 |    231 |   1231 |   5902 |   6 | 1554.0 |
  Orcish Mines |   2351 |   2192 |    159 |     50 |   1219 |   2 | 1175.5 |
   Elven Halls |   2291 |   2244 |     47 |     61 |   1381 |   3 |  763.7 |
         Abyss |    526 |    526 |      0 |     38 |     40 |   1 |  526.0 |
       Ossuary |    541 |    541 |      0 |      0 |    309 |   1 |  541.0 |
       Volcano |    208 |    208 |      0 |      9 |      0 |   1 |  208.0 |
      Gauntlet |    834 |    834 |      0 |    293 |    115 |   1 |  834.0 |
               +--------+--------+--------+--------+--------+-----+--------+

Top non-repeatable levels by time:
  Lair:5: 2839 daAuts
  Lair:6: 1940 daAuts
   Orc:2: 1288 daAuts
  Lair:1: 1259 daAuts
     D:5: 1243 daAuts
   Elf:1: 1216 daAuts
     D:8: 1191 daAuts
  Lair:2: 1166 daAuts
     D:2: 1142 daAuts
  Lair:3: 1098 daAuts
   Orc:1: 1062 daAuts
    D:13: 1054 daAuts
  Lair:4: 1020 daAuts
    D:10: 1017 daAuts
     D:3: 1015 daAuts
